 Dungeon Crawl Stone Soup version 0.28.0-53-g5a82cb258f (webtiles) character file.

Game seed: 17298016355856264287

6624 Elmgren the Cleaver (level 10, -4/120 HPs)
             Began as a Minotaur Berserker on July 27, 2022.
             Was a High Priest of Trog.
             Killed from afar by Plasmagod's ghost (13 damage)
             ... with a magic dart
             ... on level 8 of the Dungeon.
             The game lasted 00:23:38 (9558 turns).

Elmgren the Cleaver (Minotaur Berserker)            Turns: 9558, Time: 00:23:39

Health: -4/120     AC:  1    Str: 38    XL:     10   Next: 72%
Magic:  9/9        EV: 10    Int:  4    God:    Trog [*****.]
Gold:   462        SH:  8    Dex: 10    Spells: 9/9 levels left

rFire   . . .      SeeInvis .   k - +0 war axe (spect)
rCold   . . .      Faith    .   j - +2 kite shield
rNeg    . . .      Spirit   .   (no armour)
rPois   .          Reflect  .   (helmet restricted)
rElec   .          Harm     .   (no cloak)
rCorr   .          Rampage  .   o - +0 pair of gloves
Will    .....                   (no boots)
Stlth   ..........              (no amulet)
HPRegen 0.30/turn               g - +6 ring of strength
MPRegen 0.11/turn               p - +6 ring of strength

@: berserking, lethally poisoned (-4 -> -15), very quick
A: horns 2, retaliatory headbutt
a: Renounce Religion, Berserk, Trog's Hand, Brothers in Arms


You were on level 8 of the Dungeon.
You worshipped Trog.
Trog was extremely pleased with you.
You visited 2 branches of the dungeon, and saw 9 of its levels.
You also visited: Sewer.

You collected 462 gold pieces.

Inventory:

Hand Weapons
 k - a +0 spectral war axe (weapon)
Missiles
 m - a throwing net (quivered)
Armour
 j - a +2 kite shield (worn)
 o - a +0 pair of gloves (worn)
Jewellery
 g - a +6 ring of strength (left hand)
 p - a +6 ring of strength (right hand)
 y - a +4 ring of evasion
Wands
 l - a wand of polymorph (3)
Scrolls
 e - 9 scrolls of identify
 f - 3 scrolls of teleportation
 i - a scroll of fog
 s - a scroll of vulnerability
 u - a scroll of summoning {unknown}
Potions
 a - a potion of attraction {unknown}
 b - 4 potions of curing
 d - 3 potions of might
 n - a potion of resistance {unknown}
 q - a potion of ambrosia {unknown}
 r - 6 potions of haste {unknown}
 t - a potion of degeneration {unknown}
 v - a potion of magic {unknown}
 w - a potion of mutation {unknown}
 x - 3 potions of heal wounds {unknown}
 z - a potion of cancellation {unknown}
 A - a potion of invisibility {unknown}
 B - a potion of brilliance {unknown}


   Skills:
 - Level 4.5 Fighting
 + Level 13.8 Axes
 + Level 13.6 Armour
 - Level 3.5 Dodging


You had 9 spell levels left.
You didn't know any spells.
Your spell library was empty.

Dungeon Overview and Level Annotations

Branches:
Dungeon (8/15)             Temple (1/1) D:6            Lair (0/6) D:8
  Sewer (visited)

Altars:
Ashenzari
Cheibriados
Dithmenos
Elyvilon
Gozag
Hepliaklqana
Kikubaaqudgha
Makhleb
Nemelex Xobeh
Qazlal
Ru
Sif Muna
Trog
Uskayaw
Vehumet
Wu Jian
Xom
Yredelemnul
Zin
The Shining One

Shops:
D:7 [

Annotations:
D:8 1 transporter, Plasmagod's ghost, novice DjFE


Innate Abilities, Weirdness & Mutations

You have a pair of horns on your head.
You reflexively headbutt those who attack you in melee.


Message History

You kill the ogre!
Trog accepts your kill.
The ogre hits you with a +0 giant spiked club!!
A red film seems to cover your vision as you go berserk!
You feel yourself moving faster!
You feel mighty!
You feel sick.
You are more poisoned.
You slice the ogre!!
You feel the power of Trog in you as your rage grows.
You kill the ogre!
Trog accepts your kill.
You feel sick.
You are more poisoned.
Plasmagod's ghost points at you and mumbles some strange words.
The magic dart hits you!
You feel sick.
Things that are here:
a +0 giant spiked club; an ogre corpse You barely miss Plasmagod's ghost.
You feel sick.
* * * LOW HITPOINT WARNING * * *
You are more poisoned.
Plasmagod's ghost points at you and mumbles some strange words.
The magic dart hits you!
* * * LOW HITPOINT WARNING * * *
You slice Plasmagod's ghost!!
Plasmagod's ghost is heavily damaged.
You feel sick. You block Plasmagod's ghost's attack.
You closely miss Plasmagod's ghost. Your headbutt misses Plasmagod's ghost.
Plasmagod's ghost is heavily damaged.
You feel sick.
* * * LOW HITPOINT WARNING * * *
You are more poisoned.
You closely miss Plasmagod's ghost.
Plasmagod's ghost is heavily damaged.
You feel sick.
* * * LOW HITPOINT WARNING * * *
You are lethally poisoned!
Plasmagod's ghost's toxic aura wanes.
Plasmagod's ghost points at you and mumbles some strange words.
The magic dart hits you!
You die...

#.###### #....# #.. #......#
#....#### #.. #......#
######.......# #.. .......#####
#............# #))
...........#############....###..
...........#.....©....©#.......).
...#..<#####.#:.#.#..#.#.....##).
...#.### #..##...##..#.....####
.....# #..##@).##..#..[.....#
####.# #.#.W#.#..#.#.........
.....# ##....$!$....#.........
.###.### ################.#####.
.###.... #.?...©.©.....#<.###...
........................#......|.
.....#.......#......#..##..#...##
.........#..........##.##........
.#.#.#.#............##..#.......#


You could see Plasmagod's ghost.

Vanquished Creatures
  A two-headed ogre (D:8)
  The ghost of ciphuk the Magician, a novice GnVM of Ashenzari (D:7)
  The ghost of aloneDruid the Slasher, an amateur DgGl (D:4)
  Sigmund (D:4)
  5 yaks (D:8)
  A wyvern (D:4)
  A steam dragon (D:7)
  2 water moccasins
  An orc warrior (D:8)
  A sky beast (D:8)
  3 black bears (D:8)
  An ice beast (D:8)
  3 ogres
  A necrophage (D:6)
  A kobold brigand (Sewer)
  5 bullfrogs (D:8)
  4 scorpions
  A wyvern skeleton (D:7)
  A water moccasin skeleton (D:4)
  A howler monkey (D:8)
  A bullfrog zombie (D:5)
  2 centaur zombies (D:7)
  A gnoll shaman (D:6)
  5 hounds
  4 orc priests
  A bullfrog skeleton (D:4)
  A centaur skeleton (D:4)
  3 iguanas
  3 orc wizards
  Natasha (thrice) (D:3)
  A howler monkey zombie (D:8)
  8 gnolls
  4 river rats (Sewer)
  9 adders
  2 shadow imps
  A white imp (D:6)
  A worm (D:6)
  5 dart slugs
  24 orcs
  9 endoplasms
  2 giant cockroaches (D:2)
  9 goblins
  15 hobgoblins
  6 jackals (D:4)
  18 kobolds
  5 quokkas
  10 ball pythons
  2 bats
  4 frilled lizards
  28 rats
  A spectral kobold (D:3)
224 creatures vanquished.

Vanquished Creatures (collateral kills)
  The ghost of DungeonMaster the Stinger, a novice DsWz of Gozag (D:7)
  The ghost of Plasmagod the Thaumaturge, a novice DECj of Vehumet (D:7)
2 creatures vanquished.

Vanquished Creatures (others)
  30 fungi (D:8)
  44 plants (D:8)
74 creatures vanquished.

Grand Total: 300 creatures vanquished

Notes
Turn   | Place    | Note
-------+----------+-------------------------------------------
     0 | D:1      | Elmgren the Minotaur Berserker began the quest for the Orb.
     0 | D:1      | Reached XP level 1. HP: 19/19 MP: 0/0
   311 | D:1      | Reached XP level 2. HP: 27/27 MP: 1/1
  1043 | D:2      | Reached XP level 3. HP: 33/33 MP: 2/2
  1092 | D:2      | Reached ** piety under Trog
  1517 | D:2      | Found a snail-covered altar of Cheibriados.
  2467 | D:3      | Found a glowing silver altar of Zin.
  2506 | D:3      | Found a shadowy altar of Dithmenos.
  2507 | D:3      | Found a bloodstained altar of Trog.
  2599 | D:3      | Reached XP level 4. HP: 40/40 MP: 3/3
  2599 | D:3      | Noticed Natasha
  2610 | D:3      | Killed Natasha
  2662 | D:3      | Found a faded altar of an unknown god.
  2667 | D:3      | Noticed Natasha
  2690 | D:3      | Killed Natasha
  3063 | D:3      | Found a white marble altar of Elyvilon.
  3158 | D:3      | Noticed Natasha
  3167 | D:3      | Killed Natasha
  3168 | D:3      | Reached XP level 5. HP: 47/47 MP: 4/4
  3487 | D:4      | Noticed Sigmund
  3488 | D:4      | Found a runed translucent gate.
  3488 | D:4      | Found a runed translucent gate.
  3495 | D:4      | Killed Sigmund
  3496 | D:4      | Reached skill level 5 in Axes
  3496 | D:4      | Reached skill level 5 in Armour
  3496 | D:4      | Reached XP level 6. HP: 53/53 MP: 5/5
  3539 | D:4      | Found a runed translucent gate.
  3561 | D:4      | Noticed a wyvern
  3569 | D:4      | Killed a wyvern
  3570 | D:4      | Reached XP level 7. HP: 23/60 MP: 6/6
  4082 | D:4      | Noticed aloneDruid's ghost (amateur DgGl)
  4199 | D:4      | Reached *** piety under Trog
  4527 | D:4      | Killed aloneDruid's ghost
  4607 | D:5      | Entered Level 5 of the Dungeon
  4789 | D:5      | Reached XP level 8. HP: 67/67 MP: 7/7
  5243 | D:5      | Found a shimmering blue altar of Sif Muna.
  5340 | D:6      | Found a staircase to the Ecumenical Temple.
  5676 | D:6      | Found a stormy altar of Qazlal.
  5676 | D:6      | Found an ornate altar of the Wu Jian Council.
  5681 | D:6      | Found a sparkling altar of Nemelex Xobeh.
  5684 | D:6      | Found a burning altar of Makhleb.
  5686 | D:6      | Found a broken altar of Ashenzari.
  5691 | D:6      | Found a basalt altar of Yredelemnul.
  5772 | D:6      | Reached **** piety under Trog
  5804 | D:6      | Found a glowing drain.
  6076 | Sewer    | Entered a sewer
  6161 | Sewer    | Reached skill level 10 in Axes
  6235 | Sewer    | Reached ***** piety under Trog
  6672 | Temple   | Entered the Ecumenical Temple
  6980 | D:7      | Reached XP level 9. HP: 72/72 MP: 8/8
  6991 | D:7      | Found Soutzisa's Antique Armour Shop.
  7062 | D:7      | Reached skill level 10 in Armour
  7466 | D:7      | Found a runed translucent gate.
  7466 | D:7      | Found a runed translucent gate.
  7466 | D:7      | Found a runed translucent gate.
  7466 | D:7      | Noticed DungeonMaster's ghost (novice DsWz)
  7466 | D:7      | Noticed Plasmagod's ghost (novice DECj)
  7467 | D:7      | Noticed ciphuk's ghost (novice GnVM)
  7482 | D:7      | Killed DungeonMaster's ghost
  7485 | D:7      | Killed Plasmagod's ghost
  7488 | D:7      | Killed ciphuk's ghost
  7489 | D:7      | Reached XP level 10. HP: 80/80 MP: 9/9
  8944 | D:8      | Noticed a two-headed ogre
  8954 | D:8      | Found a staircase to the Lair.
  8956 | D:8      | Killed a two-headed ogre
  9299 | D:8      | Received a gift from Trog
  9535 | D:8      | Noticed Plasmagod's ghost (novice DjFE)
  9539 | D:8      | Found a transporter.
  9542 | D:8      | Found a transporter.
  9558 | D:8      | Killed from afar by Plasmagod's ghost

Illustrated notes

Levels and vault maps discovered:
D:1:      dpeg_arrival_more_subterranean_lakeside_camping, layout_loops_ring,
          minmay_tromino_v4_b
D:2:      layout_basic, basic_altar
D:3:      layout_loops_ring, minitemple, zin_treasury, elyvilon_altar_5,
          dreamdust_ecumenical_altar_drowned_temple, uniq_natasha
D:4:      cheibrodos_greedy_goblins, layout_loops_cross,
          gammafunk_ghost_necromancy, uniq_sigmund
D:5:      layout_basic, mainiacjoe_overflow_alcove_2
D:6:      layout_rooms, nicolae_overflow_hallway_of_the_gods,
          minmay_temple_entry_mini_moons, cheibrodos_sewer_entry_sluice
D:7:      layout_gridville, serial_shops, nicolae_shop_stone,
          gammafunk_ghost_cemetery
D:8:      layout_basic, due_lair_maze_entry_diamond, gammafunk_ghost_smash
Temple:   compressed_dpeg_triangle_lava_temple

Skill      XL: |  1  2  3  4  5  6  7  8  9 10 |
---------------+-------------------------------+-----
Axes           | 4 5 6 8 10 12 13 | 13.8
Fighting       | 4 |  4.5
Armour         | 3 5 6 7 9 12 13 | 13.6
Dodging        | 3 |  3.5

Action                   |  1- 3 |  4- 6 |  7- 9 | 10-12 || total
-------------------------+-------+-------+-------+-------++-------
Melee: Hand axe          |    54 |       |       |       ||    54
       Headbutt          |     7 |     3 |    23 |    14 ||    47
       War axe           |    17 |    33 |   185 |    57 ||   292
       Unarmed           |       |    19 |       |       ||    19
Invok: Berserk           |       |     2 |     2 |     2 ||     6
       Trog's Hand       |       |     2 |       |       ||     2
       Brothers in Arms  |       |       |     1 |       ||     1
  Use: Scroll            |     5 |     2 |     2 |     3 ||    12
 Stab: Distracted        |       |       |       |     1 ||     1
Armor: Plate armour      |    34 |    15 |   111 |    43 ||   203
       Skin              |       |       |       |     1 ||     1
Dodge: Dodged            |    17 |    27 |    35 |    18 ||    97
Block: Kite shield       |    11 |    23 |    51 |    23 ||   108
